 Dungeon Crawl Stone Soup version 0.29.0-4-gdea44cf6ec (webtiles) character file.

Game seed: 5200795271199823427

29 qw the Chopper (level 3, -2/21 HPs)
             Began as a Tengu Warper on Aug 28, 2022.
             Slain by Sigmund
             ... wielding a +0 scythe
              (7 damage)
             ... on level 2 of the Dungeon.
             The game lasted 00:00:07 (995 turns).

qw the Chopper (Tengu Warper)                        Turns: 995, Time: 00:00:08

Health: -2/21      AC: 13    Str: 13    XL:     3   Next: 16%
Magic:  7/7        EV:  3    Int: 13    God:
Gold:   45         SH:  0    Dex: 13    Spells: 6/6 levels left

rFire   . . .      SeeInvis +   Y - +1 hand axe
rCold   . . .      Faith    .   (no shield)
rNeg    . . .      Spirit   .   n - +3 plate armour
rPois   .          Reflect  .   (helmet restricted)
rElec   .          Harm     .   (no cloak)
rCorr   .          Rampage  .   (no gloves)
Will    .....                   (boots unavailable)
Stlth   ..........              h - amulet of regeneration
HPRegen 0.87/turn               i - ring of see invisible
MPRegen 0.10/turn               (no ring)

@: no status effects
A: beak, talons 3
a: no special abilities


You were on level 2 of the Dungeon.
You visited 1 branch of the dungeon, and saw 2 of its levels.

You collected 45 gold pieces.


Innate Abilities, Weirdness & Mutations

You have a beak for a mouth.
You have claws for feet.


   Skills:
 - Level 2.0 Fighting
 + Level 3.9 Axes
 - Level 1.0 Throwing
 - Level 1.1 Armour
 - Level 2.1 Dodging
 - Level 2.0 Spellcasting
 - Level 2.4 Translocations


You had 6 spell levels left.
You didn't know any spells.
Your spell library contained the following spells:

 Spells                   Type           Power      Damage    Failure   Level
 Blink                    Tloc           14%        N/A       100%        2
 Gell's Gravitas          Tloc           7%         N/A       100%        3
 Lesser Beckoning         Tloc           7%         N/A       100%        3
 Teleport Other           Tloc           7%         N/A       100%        3
 Manifold Assault         Tloc           7%         N/A       100%        5

Inventory:

Hand Weapons
 a - a +1 flail of venom
 Y - a +1 hand axe (weapon)
Armour
 n - a +3 plate armour (worn)
Jewellery
 h - an amulet of regeneration (around neck)
 i - a ring of see invisible (left hand)
Potions
 d - a potion of heal wounds {unknown}
 e - a potion of haste {unknown}
 l - a potion of berserk rage {unknown}
 m - 2 potions of curing {unknown}

Dungeon Overview and Level Annotations

Branches:
Dungeon (2/15)

Altars:

Annotations:
D:2 Sigmund


Message History

You are more confused.
You bump into the rock wall.
Sigmund hits you but does no damage.
You bump into the rock wall.
Sigmund casts a spell at you.
You are more confused.
Sigmund hits you but does no damage.
You bump into the rock wall.
Sigmund hits you but does no damage.
You bump into the rock wall.
You bump into the rock wall.
Sigmund hits you from afar with a +0 scythe.
You bump into the rock wall.
Sigmund hits you but does no damage. Sigmund hits you with a +0 scythe.
Sigmund completely misses you.
You bump into the rock wall.
You bump into the rock wall.
Sigmund hits you from afar with a +0 scythe!
You bump into the rock wall.
Sigmund hits you from afar with a +0 scythe.
You bump into the rock wall.
Sigmund gestures at you while chanting. The puff of flame hits you.
Sigmund hits you but does no damage.
You bump into the rock wall.
Sigmund gestures at you while chanting.
The puff of flame hits you but does no damage.
You're too confused to move!
Sigmund hits you but does no damage.
You bump into the rock wall.
Sigmund hits you with a +0 scythe!
You hit Sigmund.
Sigmund is almost dead.
Sigmund gestures at you while chanting. You resist with significant effort.
You feel less confused. Sigmund hits you but does no damage.
Sigmund hits you with a +0 scythe!
You die...

+##############
.....#... ....
...... ..#
###.#.#####@#
+........##@#
###.#.##....#
#.#.#######
#.#.#
..#+####.#.#
........>#'#####
.##............#
.##............#
.##............#


You could see Sigmund.

Vanquished Creatures
  4 ball pythons (D:1)
  A bat (D:1)
  2 endoplasms (D:1)
  A giant cockroach (D:1)
  A goblin (D:1)
  7 jackals (D:1)
  A quokka (D:1)
  3 frilled lizards (D:1)
  3 kobolds (D:1)
  2 rats
25 creatures vanquished.

Notes
Turn   | Place    | Note
-------+----------+-------------------------------------------
     0 | D:1      | qw the Tengu Warper began the quest for the Orb.
     0 | D:1      | Reached XP level 1. HP: 12/12 MP: 4/4
     0 | D:1      | 0 ||| qw: Version: 0.1-a-89-g26bdef1
     0 | D:1      | 0 ||| qw: Game counter: 437
     0 | D:1      | 0 ||| qw: Always use a shield: true
     0 | D:1      | 0 ||| qw: God list: Okawaru
     0 | D:1      | 0 ||| qw: Allow faded altars: false
     0 | D:1      | 0 ||| qw: Do Orc after D:15 true
     0 | D:1      | 0 ||| qw: Do second Lair branch before Depths: true
     0 | D:1      | 0 ||| qw: Lair rune preference: random
     0 | D:1      | 0 ||| qw: Plans: Normal
     0 | D:1      | 0 ||| PLANNING D:1-11
     8 | D:1      | Found a faded altar of an unknown god.
    26 | D:1      | 26 ||| Stepping ~*~*~tactically~*~*~ (stealth).
    32 | D:1      | 32 ||| Stepping ~*~*~tactically~*~*~ (stealth).
    40 | D:1      | Reached XP level 2. HP: 17/17 MP: 6/6
    82 | D:1      | Reached skill level 3 in Axes
   128 | D:1      | 128 ||| Stepping ~*~*~tactically~*~*~ (stealth).
   482 | D:1      | Reached XP level 3. HP: 16/21 MP: 7/7
   732 | D:1      | 732 ||| UPGRADING to +0 scale mail.
   742 | D:1      | 742 ||| DROPPING +0 leather armour.
   743 | D:1      | 743 ||| UPGRADING to +3 plate armour.
   753 | D:1      | 753 ||| DROPPING +0 scale mail.
   754 | D:1      | 754 ||| UPGRADING to amulet of regeneration.
   759 | D:1      | 759 ||| DROPPING amulet of guardian spirit.
   760 | D:1      | 760 ||| UPGRADING to ring of see invisible.
   761 | D:1      | 761 ||| READING scroll labelled UTRONN AKKOETEGEH.
   766 | D:1      | 766 ||| READING scroll labelled HEAWEDW GUHA.
   767 | D:1      | 767 ||| READING scroll labelled HIZYRO IPUOCE.
   768 | D:1      | 768 ||| DROPPING scroll of blinking.
   769 | D:1      | 769 ||| Stepping randomly (stuck).
   770 | D:1      | 770 ||| Stepping ~*~*~tactically~*~*~ (cloud).
   911 | D:2      | 911 ||| DROPPING +0 whip.
   943 | D:2      | Noticed Sigmund
   992 | D:2      | HP: 2/21 [Sigmund/+0 scythe (8)]
   995 | D:2      | Slain by Sigmund

Levels and vault maps discovered:
D:1:      dpeg_arrival_rooms_b, layout_rooms, serial_curves, eino_curves_01,
          eino_curves_03, basic_ecumenical_altar, minmay_tetromino_i2
D:2:      layout_basic, serial_shops, nicolae_shop_hallway_stairs, uniq_sigmund,
          uniq_natasha

Skill      XL: |  1  2 |
---------------+-------+-----
Axes           | 3 |  3.9
Fighting       | |  2.0
Throwing       | |  1.0
Armour         | |  1.1
Dodging        | |  2.1
Spellcasting   | |  2.0
Translocations | |  2.4

Action                   || total
-------------------------++-------
Melee: Hand axe          ||    66
       Kick              ||    11
       Peck              ||    11
       Punch             ||     1
Throw: Boomerang         ||     7
  Use: Scroll            ||     3
Armor: Leather armour    ||    17
       Plate armour      ||    19
Dodge: Dodged            ||    41

Table legend:
 A = Non-vault XP
 B = Vault XP
 C = Vault XP percentage of total XP
 D = Non-vault monster count
 E = Vault monster count
 F = Vault count percentage of total count
                 A         B        C        D         E       F
            +---------+---------+-------+---------+---------+-------
      Total |      41 |       1 |   2.4 |      24 |       1 |   4.0
            +---------+---------+-------+---------+---------+-------
        D:1 |      40 |       1 |   2.4 |      23 |       1 |   4.2
        D:2 |       1 |       0 |   0.0 |       1 |       0 |   0.0
            +---------+---------+-------+---------+---------+-------
